| TOP OF THE 1ST |
|
Johnson City Cardinals batting - Pitching for Chicago (APP) Cubs : RHP Dwight Bean
|
|
Pitching: RHP Dwight Bean
|
|
|
Batting: SHB Hank Arias
|
0-0: Ball 1-0: Ball 2-0: Ball 3-0: Called Strike 3-1: Base on Balls
|
|
Batting: RHB Josh Broome
|
0-0: Called Strike 0-1: Swinging Strike 0-2: Ball 1-2: Ball Hank Arias steals 2nd base 2-2: Foul Ball, location: 2F 2-2: Ground out 4-3 (Groundball, 4, EV 109.4 MPH) Hank Arias to third
|
|
Batting: RHB Mike Zimmerly
|
0-0: Ball Passed Ball! Hank Arias scores 1-0: Called Strike 1-1: Ball 2-1: Foul Ball, location: 2F 2-2: Ball 3-2: Fly out, F9 (Line Drive, 9, EV 86.9 MPH)
|
|
Batting: RHB Vic Nelson
|
0-0: Called Strike 0-1: Fly out, F8 (Flyball, 89D, EV 93.8 MPH)
|
| Top of the 1st over - 1 run, 0 hits, 0 errors, 0 left on base; Johnson City 1 - Chicago (APP) 0 |
| BOTTOM OF THE 1ST |
|
Chicago (APP) Cubs batting - Pitching for Johnson City Cardinals : RHP Rafael Montano
|
|
Pitching: RHP Rafael Montano
|
|
|
Batting: RHB Randy Schmitt
|
0-0: SINGLE (Line Drive, 4D, EV 99.4 MPH)
|
|
Batting: SHB Andrew Baron
|
0-0: Foul Ball, location: 2F 0-1: Swinging Strike 0-2: Ball 1-2: Ball 2-2: Ball 3-2: Base on Balls Randy Schmitt to second
|
|
Batting: RHB Tak-keung Chieu
|
0-0: Ball 1-0: Ball 2-0: Called Strike 2-1: Ball 3-1: Foul Ball, location: 2F 3-2: Foul Ball, location: 2F 3-2: Base on Balls Randy Schmitt to third Andrew Baron to second
|
|
Batting: RHB Jake Mitchell
|
0-0: SINGLE (Line Drive, 7S, EV 104.4 MPH) Randy Schmitt scores Andrew Baron to third Tak-keung Chieu to second
|
|
Batting: RHB Julio Arteaga
|
0-0: Swinging Strike 0-1: Ball 1-1: Foul Ball, location: 2F 1-2: Strikes out swinging
|
|
Batting: RHB Jake Newman
|
0-0: Ball 1-0: Swinging Strike 1-1: Foul Ball, location: 2F 1-2: Strikes out looking
|
|
Batting: LHB Neal Brody
|
0-0: Ball 1-0: Ball 2-0: Called Strike 2-1: Swinging Strike 2-2: Strikes out swinging
|
| Bottom of the 1st over - 1 run, 2 hits, 0 errors, 3 left on base; Johnson City 1 - Chicago (APP) 1 |
| TOP OF THE 2ND |
|
Johnson City Cardinals batting - Pitching for Chicago (APP) Cubs : RHP Dwight Bean
|
|
Batting: RHB Immel Kamuzu
|
0-0: Ball 1-0: Foul Ball, location: 2F 1-1: Ball 2-1: Ball 3-1: Foul Ball, location: 2F 3-2: Foul Ball, location: 2F 3-2: Base on Balls
|
|
Batting: RHB Richard Riggs
|
0-0: Ball Passed Ball! Immel Kamuzu to second 1-0: Ball 2-0: Called Strike 2-1: Ball 3-1: Foul Ball, location: 2F 3-2: Base on Balls
|
|
Batting: RHB Chris Jones
|
0-0: SINGLE (Groundball, 56S, EV 64.4 MPH) (infield hit) Immel Kamuzu to third Richard Riggs to second
|
|
Batting: RHB Herbert Loveless
|
0-0: Swinging Strike 0-1: Swinging Strike Passed Ball! Immel Kamuzu scores Richard Riggs to third Chris Jones to second 0-2: Foul Ball, location: 2F 0-2: Ball 1-2: SINGLE (Groundball, 56D, EV 106.2 MPH) Richard Riggs scores Chris Jones to third Runner from 3rd tries for Home, throw by LF and OUT! 7-2
|
|
Batting: RHB Sebastian Fisk
|
0-0: Ball 1-0: Ball 2-0: Ball 3-0: Called Strike 3-1: Called Strike 3-2: Base on Balls Herbert Loveless to second
|
|
Batting: SHB Hank Arias
|
0-0: SINGLE (Flyball, 4D, EV 91.2 MPH) Herbert Loveless to third Sebastian Fisk to second
|
|
Batting: RHB Josh Broome
|
0-0: Called Strike 0-1: Ball Passed Ball! Herbert Loveless scores Sebastian Fisk to third Hank Arias to second 1-1: Ball 2-1: Ball 3-1: DOUBLE (Line Drive, 89D, EV 100.0 MPH) Sebastian Fisk scores Hank Arias scores
|
|
Batting: RHB Mike Zimmerly
|
0-0: Called Strike 0-1: Ground out U3 (Groundball, 3S, EV 86.9 MPH) Josh Broome to third
|
|
Batting: RHB Vic Nelson
|
0-0: Ball 1-0: Ball 2-0: Ball Passed Ball! Josh Broome scores 3-0: Called Strike 3-1: Base on Balls
|
|
Batting: RHB Immel Kamuzu
|
0-0: Called Strike Vic Nelson steals 2nd base 0-1: Ball 1-1: Fly out, F8 (Line Drive, 8LD, EV 91.2 MPH)
|
| Top of the 2nd over - 6 runs, 4 hits, 0 errors, 1 left on base; Johnson City 7 - Chicago (APP) 1 |
| BOTTOM OF THE 2ND |
|
Chicago (APP) Cubs batting - Pitching for Johnson City Cardinals : RHP Rafael Montano
|
|
Batting: RHB Josh MacQueen
|
0-0: Ground out 5-3 (Groundball, 25, EV 95.0 MPH)
|
|
Batting: LHB Arnaldo Cardamenho
|
0-0: Ball 1-0: Called Strike 1-1: Swinging Strike 1-2: Strikes out swinging
|
|
Batting: RHB Randy Schmitt
|
0-0: Ball 1-0: Ball 2-0: SOLO HOME RUN (Flyball, 78XD, EV 105.6 MPH), Distance : 446 ft
|
|
Batting: SHB Andrew Baron
|
0-0: Ball 1-0: Ball 2-0: Foul Ball, location: 2F 2-1: Swinging Strike 2-2: Strikes out swinging
|
| Bottom of the 2nd over - 1 run, 1 hit, 0 errors, 0 left on base; Johnson City 7 - Chicago (APP) 2 |
| TOP OF THE 3RD |
|
Johnson City Cardinals batting - Pitching for Chicago (APP) Cubs : RHP Dwight Bean
|
|
Batting: RHB Richard Riggs
|
0-0: Foul Ball, location: 2F 0-1: Swinging Strike 0-2: Foul Ball, location: 2F 0-2: Ball 1-2: Foul Ball, location: 2F 1-2: Foul Ball, location: 2F 1-2: Foul Ball, location: 2F 1-2: Strikes out swinging
|
|
Batting: RHB Chris Jones
|
0-0: Swinging Strike 0-1: SINGLE (Groundball, 56D, EV 100.6 MPH)
|
|
Batting: RHB Herbert Loveless
|
0-0: SINGLE (Groundball, 6, EV 103.8 MPH) Chris Jones to second
|
|
Batting: RHB Sebastian Fisk
|
0-0: Swinging Strike 0-1: Foul Ball, location: 2F 0-2: Strikes out swinging
|
|
Batting: SHB Hank Arias
|
0-0: Called Strike 0-1: Ball 1-1: Swinging Strike 1-2: Ball 2-2: Fly out, F7 (Flyball, 7LD, EV 89.4 MPH)
|
| Top of the 3rd over - 0 runs, 2 hits, 0 errors, 2 left on base; Johnson City 7 - Chicago (APP) 2 |
| BOTTOM OF THE 3RD |
|
Chicago (APP) Cubs batting - Pitching for Johnson City Cardinals : RHP Rafael Montano
|
|
Batting: RHB Tak-keung Chieu
|
0-0: Ball 1-0: Hit by Pitch
|
|
Batting: RHB Jake Mitchell
|
0-0: SINGLE (Line Drive, 8LS, EV 88.8 MPH) Tak-keung Chieu to second
|
|
Batting: RHB Julio Arteaga
|
0-0: Foul Ball, location: 2F 0-1: Foul Ball, location: 2F 0-2: Ball 1-2: Ball 2-2: Strikes out swinging
|
|
Batting: RHB Jake Newman
|
0-0: Ball 1-0: Foul Ball, location: 2F 1-1: Ball 2-1: Called Strike 2-2: Foul Ball, location: 2F 2-2: Ball 3-2: Strikes out swinging
|
|
Batting: LHB Neal Brody
|
0-0: Ball 1-0: Foul Ball, location: 2F 1-1: Ball 2-1: Ball 3-1: Fly out, F7 (Flyball, 7, EV 86.2 MPH)
|
| Bottom of the 3rd over - 0 runs, 1 hit, 0 errors, 2 left on base; Johnson City 7 - Chicago (APP) 2 |
| TOP OF THE 4TH |
|
Johnson City Cardinals batting - Pitching for Chicago (APP) Cubs : RHP Dwight Bean
|
|
Batting: RHB Josh Broome
|
0-0: Ball 1-0: Ball 2-0: Ball 3-0: Base on Balls
|
|
Batting: RHB Mike Zimmerly
|
0-0: Fielders Choice at 2nd, 4-6 (Groundball, 4, EV 104.4 MPH)
|
|
Batting: RHB Vic Nelson
|
0-0: Ball Mike Zimmerly steals 2nd base 1-0: Fly out, F8 (Line Drive, 8RD, EV 95.6 MPH)
|
|
Batting: RHB Immel Kamuzu
|
0-0: Ball 1-0: Ball 2-0: Ground out 5-3 (Groundball, 5S, EV 88.8 MPH)
|
| Top of the 4th over - 0 runs, 0 hits, 0 errors, 1 left on base; Johnson City 7 - Chicago (APP) 2 |
| BOTTOM OF THE 4TH |
|
Chicago (APP) Cubs batting - Pitching for Johnson City Cardinals : RHP Rafael Montano
|
|
Batting: RHB Josh MacQueen
|
0-0: Swinging Strike 0-1: Called Strike 0-2: Foul Ball, location: 2F 0-2: Ball 1-2: Strikes out swinging
|
|
Batting: LHB Arnaldo Cardamenho
|
0-0: Ball 1-0: Ball 2-0: Called Strike 2-1: Ground out 6-3 (Groundball, 56, EV 98.1 MPH)
|
|
Batting: RHB Randy Schmitt
|
0-0: Ball 1-0: Called Strike 1-1: Ball 2-1: Called Strike 2-2: Strikes out swinging
|
| Bottom of the 4th over - 0 runs, 0 hits, 0 errors, 0 left on base; Johnson City 7 - Chicago (APP) 2 |
| TOP OF THE 5TH |
|
Johnson City Cardinals batting - Pitching for Chicago (APP) Cubs : RHP Dwight Bean
|
|
Batting: RHB Richard Riggs
|
0-0: Ball 1-0: Ball 2-0: Ball 3-0: Base on Balls
|
|
Batting: RHB Chris Jones
|
0-0: Swinging Strike 0-1: Ball 1-1: Called Strike 1-2: SINGLE (Groundball, 56, EV 105.6 MPH) (infield hit) Richard Riggs to second
|
|
Batting: RHB Herbert Loveless
|
0-0: Called Strike 0-1: Foul Ball, location: 2F 0-2: Foul Ball, location: 2F 0-2: Fielders Choice at 2nd, 3-6 (Groundball, 34, EV 99.4 MPH) Richard Riggs to third
|
|
Batting: RHB Sebastian Fisk
|
0-0: Fly out, F9 (Line Drive, 9, EV 103.8 MPH) Runner from 3rd tags up, OUT at HOME! 9-2
|
| Top of the 5th over - 0 runs, 1 hit, 0 errors, 1 left on base; Johnson City 7 - Chicago (APP) 2 |
| BOTTOM OF THE 5TH |
|
Chicago (APP) Cubs batting - Pitching for Johnson City Cardinals : RHP Rafael Montano
|
|
Pitching: RHP Joe Cornell
|
|
|
Batting: SHB Andrew Baron
|
0-0: Ball 1-0: Foul Ball, location: 2F 1-1: Foul Ball, location: 2F 1-2: Strikes out swinging
|
|
Batting: RHB Tak-keung Chieu
|
0-0: Ball 1-0: Called Strike 1-1: Fly out, F4 (Flyball, 34D, EV 88.8 MPH)
|
|
Batting: RHB Jake Mitchell
|
0-0: Called Strike 0-1: Ball 1-1: SOLO HOME RUN (Flyball, 7D, EV 106.2 MPH), Distance : 399 ft
|
|
Batting: RHB Julio Arteaga
|
0-0: Called Strike 0-1: Ball 1-1: Called Strike 1-2: Strikes out swinging
|
| Bottom of the 5th over - 1 run, 1 hit, 0 errors, 0 left on base; Johnson City 7 - Chicago (APP) 3 |
| TOP OF THE 6TH |
|
Johnson City Cardinals batting - Pitching for Chicago (APP) Cubs : RHP Dwight Bean
|
|
Batting: SHB Hank Arias
|
0-0: Ball 1-0: Foul Ball, location: 2F 1-1: Ball 2-1: Swinging Strike 2-2: Ball 3-2: Foul Ball, location: 2F 3-2: Base on Balls
|
|
Pitching: LHP Eddie Panagos
|
|
|
Batting: RHB Josh Broome
|
0-0: Ball Wild Pitch! Hank Arias to second 1-0: Ball 2-0: Ball 3-0: Called Strike 3-1: Called Strike 3-2: Base on Balls
|
|
Batting: RHB Mike Zimmerly
|
0-0: Ball Hank Arias steals 3rd base (no throw) Josh Broome to second 1-0: Ball 2-0: SINGLE (Groundball, 6MS, EV 90.0 MPH) (infield hit) Hank Arias scores Josh Broome to third
|
|
Batting: RHB Vic Nelson
|
0-0: Ball Passed Ball! Josh Broome scores Mike Zimmerly to second 1-0: Ball 2-0: Ball 3-0: Called Strike 3-1: Foul Ball, location: 2F 3-2: Base on Balls
|
|
Batting: RHB Immel Kamuzu
|
0-0: Ball Passed Ball! Mike Zimmerly to third Vic Nelson to second 1-0: Ball 2-0: Foul Ball, location: 2F 2-1: 3-RUN HOME RUN (Line Drive, 9D, EV 100.0 MPH), Distance : 407 ft
|
|
Pitching: RHP Carlos Zavala
|
|
|
Batting: RHB Richard Riggs
|
0-0: Called Strike 0-1: Swinging Strike 0-2: SINGLE (Line Drive, 4MD, EV 103.8 MPH)
|
|
Batting: RHB Chris Jones
|
0-0: Foul Ball, location: 2F 0-1: Swinging Strike Passed Ball! Richard Riggs to second 0-2: Ball Passed Ball! Richard Riggs to third 1-2: Foul Ball, location: 2F 1-2: Strikes out swinging
|
|
Batting: RHB Herbert Loveless
|
0-0: Ball 1-0: Ball Passed Ball! Richard Riggs scores 2-0: SINGLE (Flyball, 89S, EV 101.2 MPH)
|
|
Batting: RHB Sebastian Fisk
|
0-0: Ball Passed Ball! Herbert Loveless to second 1-0: 2-RUN HOME RUN (Line Drive, 89XD, EV 115.6 MPH), Distance : 451 ft
|
|
Batting: SHB Hank Arias
|
0-0: Called Strike 0-1: Ball 1-1: Foul Ball, location: 2F 1-2: Ball 2-2: Ball 3-2: Foul Ball, location: 2F 3-2: Base on Balls
|
|
Pitching: RHP Ryan Masterson
|
|
|
Batting: RHB Josh Broome
|
0-0: DOUBLE (Line Drive, 9LM, EV 91.9 MPH) Hank Arias to third Runner from 3rd tries for Home, SAFE, no throw by RF
|
|
Batting: RHB Mike Zimmerly
|
0-0: Ground out 6-3 (Groundball, 6, EV 78.1 MPH)
|
|
Batting: RHB Vic Nelson
|
0-0: Ball 1-0: Ball 2-0: Ball Passed Ball! Josh Broome to third 3-0: Reached on error, E6 (Groundball, 6, EV 93.1 MPH) Josh Broome scores
|
|
Batting: RHB Immel Kamuzu
|
0-0: Called Strike 0-1: Ball Passed Ball! Vic Nelson to second 1-1: Ball 2-1: Called Strike 2-2: Ball 3-2: DOUBLE (Flyball, 8LXD, EV 109.4 MPH) Vic Nelson scores
|
|
Batting: RHB Richard Riggs
|
0-0: Called Strike 0-1: Foul Ball, location: 2F 0-2: Ball 1-2: Foul Ball, location: 2F 1-2: Foul Ball, location: 2F 1-2: Strikes out swinging, 2-3 out at first.
|
| Top of the 6th over - 11 runs, 7 hits, 1 error, 1 left on base; Johnson City 18 - Chicago (APP) 3 |
| BOTTOM OF THE 6TH |
|
Chicago (APP) Cubs batting - Pitching for Johnson City Cardinals : RHP Joe Cornell
|
|
Batting: RHB Jake Newman
|
0-0: Called Strike 0-1: Fly out, F9 (Flyball, 9LM, EV 92.5 MPH)
|
|
Batting: LHB Neal Brody
|
0-0: Called Strike 0-1: Swinging Strike 0-2: Ball 1-2: Ball 2-2: Strikes out swinging
|
|
Batting: RHB Josh MacQueen
|
0-0: Swinging Strike 0-1: Called Strike 0-2: Strikes out swinging
|
| Bottom of the 6th over - 0 runs, 0 hits, 0 errors, 0 left on base; Johnson City 18 - Chicago (APP) 3 |
| TOP OF THE 7TH |
|
Johnson City Cardinals batting - Pitching for Chicago (APP) Cubs : RHP Ryan Masterson
|
|
Pitching: RHP Rob Craft
|
|
|
Batting: RHB Chris Jones
|
0-0: Called Strike 0-1: Called Strike 0-2: Foul Ball, location: 2F 0-2: Foul Ball, location: 2F 0-2: Ball 1-2: Foul Ball, location: 2F 1-2: Foul Ball, location: 2F 1-2: Ball 2-2: Foul Ball, location: 2F 2-2: Fly out, F5 (Popup, 5SF, EV 76.2 MPH)
|
|
Batting: RHB Herbert Loveless
|
0-0: Ball 1-0: Swinging Strike 1-1: Ball 2-1: Ball 3-1: Foul Ball, location: 2F 3-2: Base on Balls
|
|
Batting: RHB Sebastian Fisk
|
0-0: Ball Passed Ball! Herbert Loveless to second 1-0: Foul Ball, location: 2F 1-1: Ground out 6-3 (Groundball, 6, EV 88.8 MPH)
|
|
Pitching: RHP Karl Stuart
|
|
|
Batting: SHB Hank Arias
|
0-0: Ball Passed Ball! Herbert Loveless to third 1-0: Foul Ball, location: 2F 1-1: Ball 2-1: Ball Wild Pitch! Herbert Loveless scores 3-1: Foul Ball, location: 2F 3-2: Base on Balls
|
|
Batting: RHB Josh Broome
|
0-0: Called Strike 0-1: DOUBLE (Flyball, 8RXD, EV 104.4 MPH) Hank Arias to third Runner from 3rd tries for Home, SAFE, throw by CF to home
|
|
Batting: RHB Mike Zimmerly
|
0-0: Ball 1-0: Ball Wild Pitch! Josh Broome to third 2-0: Ball 3-0: 2-RUN HOME RUN (Flyball, 7LD, EV 97.5 MPH), Distance : 370 ft
|
|
Batting: RHB Vic Nelson
|
0-0: Ball 1-0: SINGLE (Groundball, 34D, EV 97.5 MPH)
|
|
Batting: RHB Immel Kamuzu
|
0-0: Called Strike 0-1: 2-RUN HOME RUN (Flyball, 7D, EV 100.6 MPH), Distance : 393 ft
|
|
Pitching: RHP Dustin Buckner
|
|
|
Batting: RHB Richard Riggs
|
0-0: Foul Ball, location: 2F 0-1: Ground out 1-3 (Groundball, 34S, EV 66.2 MPH)
|
| Top of the 7th over - 6 runs, 4 hits, 0 errors, 0 left on base; Johnson City 24 - Chicago (APP) 3 |
| BOTTOM OF THE 7TH |
|
Chicago (APP) Cubs batting - Pitching for Johnson City Cardinals : RHP Joe Cornell
|
|
Batting: LHB Arnaldo Cardamenho
|
0-0: Ball 1-0: SINGLE (Groundball, 6MD, EV 94.4 MPH)
|
|
Batting: RHB Randy Schmitt
|
0-0: Foul Ball, location: 2F 0-1: Fly out, F8 (Flyball, 8RS, EV 85.0 MPH)
|
|
Batting: SHB Andrew Baron
|
0-0: Ball 1-0: Called Strike 1-1: Swinging Strike Passed Ball! Arnaldo Cardamenho to second 1-2: Foul Ball, location: 2F 1-2: Foul Ball, location: 2F 1-2: Strikes out looking
|
|
Batting: RHB Tak-keung Chieu
|
0-0: Ball 1-0: Called Strike 1-1: Ground out 5-3 (Groundball, 56, EV 86.2 MPH)
|
| Bottom of the 7th over - 0 runs, 1 hit, 0 errors, 1 left on base; Johnson City 24 - Chicago (APP) 3 |
| TOP OF THE 8TH |
|
Johnson City Cardinals batting - Pitching for Chicago (APP) Cubs : RHP Dustin Buckner
|
|
Batting: RHB Chris Jones
|
0-0: Ball 1-0: Called Strike 1-1: Called Strike 1-2: Ball 2-2: Foul Ball, location: 2F 2-2: Ball 3-2: Strikes out swinging
|
|
Batting: RHB Herbert Loveless
|
0-0: Ball 1-0: Ball 2-0: Ball 3-0: Base on Balls
|
|
Batting: RHB Sebastian Fisk
|
0-0: Ball 1-0: Ball 2-0: Called Strike 2-1: Ball Wild Pitch! Herbert Loveless to second 3-1: Called Strike 3-2: Foul Ball, location: 2F 3-2: Base on Balls
|
|
Batting: SHB Hank Arias
|
0-0: SINGLE (Groundball, 6S, EV 68.8 MPH) (infield hit) Herbert Loveless to third Sebastian Fisk to second
|
|
Batting: RHB Josh Broome
|
0-0: Foul Ball, location: 2F 0-1: GRAND SLAM HOME RUN (Flyball, 7LD, EV 94.4 MPH), Distance : 364 ft
|
|
Batting: RHB Mike Zimmerly
|
0-0: Ball 1-0: Ball 2-0: Foul Ball, location: 2F 2-1: Foul Ball, location: 2F 2-2: Fly out, F4 (Flyball, 4D, EV 89.4 MPH)
|
|
Batting: RHB Vic Nelson
|
0-0: Single, Error in OF, E7, batter to second base (Line Drive, 7S, EV 106.9 MPH)
|
|
Batting: RHB Immel Kamuzu
|
0-0: Ball Passed Ball! Vic Nelson to third 1-0: Ball 2-0: Swinging Strike Passed Ball! Vic Nelson scores 2-1: Ball 3-1: Base on Balls
|
|
Batting: RHB Richard Riggs
|
0-0: Called Strike 0-1: Reached via error on a dropped throw from 1B, E1 (Groundball, 34, EV 91.9 MPH) Immel Kamuzu to second
|
|
Batting: RHB Chris Jones
|
0-0: Ball 1-0: Foul Ball, location: 2F 1-1: Foul Ball, location: 2F 1-2: Ball Passed Ball! Immel Kamuzu to third Richard Riggs to second 2-2: Ground out 6-3 (Groundball, 6, EV 101.2 MPH)
|
| Top of the 8th over - 5 runs, 3 hits, 2 errors, 2 left on base; Johnson City 29 - Chicago (APP) 3 |
| BOTTOM OF THE 8TH |
|
Chicago (APP) Cubs batting - Pitching for Johnson City Cardinals : RHP Joe Cornell
|
|
Batting: RHB Jake Mitchell
|
0-0: Ball 1-0: SINGLE (Groundball, 56D, EV 95.0 MPH)
|
|
Pitching: RHP Jim Vickers
|
|
|
Batting: RHB Julio Arteaga
|
0-0: Foul Ball, location: 2F 0-1: Called Strike 0-2: Ball 1-2: Strikes out swinging
|
|
Batting: RHB Jake Newman
|
0-0: Bunt - Flyout to 3S! F3
|
|
Batting: LHB Neal Brody
|
0-0: Ball 1-0: Foul Ball, location: 2F 1-1: Ball 2-1: SINGLE (Groundball, 4MD, EV 103.8 MPH) Jake Mitchell to second
|
|
Batting: RHB Josh MacQueen
|
0-0: Ground out 5-3 (Groundball, 56S, EV 75.6 MPH)
|
| Bottom of the 8th over - 0 runs, 2 hits, 0 errors, 2 left on base; Johnson City 29 - Chicago (APP) 3 |
| TOP OF THE 9TH |
|
Johnson City Cardinals batting - Pitching for Chicago (APP) Cubs : RHP Dustin Buckner
|
|
Batting: RHB Herbert Loveless
|
0-0: Ball 1-0: Foul Ball, location: 2F 1-1: Ground out 4-3 (Groundball, 4, EV 86.2 MPH)
|
|
Batting: RHB Sebastian Fisk
|
0-0: Ball 1-0: Ball 2-0: Called Strike 2-1: Swinging Strike 2-2: Fly out, F9 (Flyball, 9S, EV 79.4 MPH)
|
|
Batting: SHB Hank Arias
|
0-0: Ball 1-0: Ball 2-0: Ball 3-0: Base on Balls
|
|
Batting: RHB Josh Broome
|
0-0: Called Strike 0-1: Foul Ball, location: 2F 0-2: Foul Ball, location: 2F 0-2: Ground out 3-1 (Groundball, 34S, EV 85.6 MPH)
|
| Top of the 9th over - 0 runs, 0 hits, 0 errors, 1 left on base; Johnson City 29 - Chicago (APP) 3 |
| BOTTOM OF THE 9TH |
|
Chicago (APP) Cubs batting - Pitching for Johnson City Cardinals : RHP Jim Vickers
|
|
Batting: LHB Arnaldo Cardamenho
|
0-0: Foul Ball, location: 2F 0-1: Foul Ball, location: 2F 0-2: Ball 1-2: Strikes out looking
|
|
Batting: RHB Randy Schmitt
|
0-0: Ball 1-0: Ground out 4-3 (Groundball, 4, EV 88.1 MPH)
|
|
Batting: SHB Andrew Baron
|
0-0: Called Strike 0-1: Ground out 3-1 (Groundball, 34, EV 89.4 MPH)
|
| Bottom of the 9th over - 0 runs, 0 hits, 0 errors, 0 left on base; Johnson City 29 - Chicago (APP) 3 |
|